 Dungeon Crawl Stone Soup version 0.28-a0-535-g6f645e4c1d (webtiles) character file.

Game seed: 9636686399417442067

27561 Sabo the Cleaver (level 13, -3/108 HPs)
             Began as a Vine Stalker Berserker on Sept 26, 2021.
             Was a High Priest of Trog.
             Slain by a large abomination (9 damage)
             ... on level 1 of the Orcish Mines.
             The game lasted 01:25:42 (13448 turns).

Sabo the Cleaver (Vine Stalker Berserker)          Turns: 13448, Time: 01:25:43

Health: -3/108     AC: 17    Str: 29    XL:     13   Next: 33%
Magic:  0/14       EV: 13    Int:  7    God:    Trog [*****.]
Gold:   1522       SH:  5    Dex: 16    Spells: 12/12 levels left

rFire   . . .      SeeInvis .   B - +5 battleaxe (freeze)
rCold   . . .      Faith    .   (shield currently unavailable)
rNeg    + . .      Spirit   +   r - +5 scale mail {rN+}
rPois   .          Reflect  +   N - +2 hat {Stlth+}
rElec   .          Harm     .   O - +0 cloak
rCorr   .          Rampage  .   (no gloves)
Will    +....                   l - +0 pair of boots
Stlth   ..........              z - amulet of reflection
HPRegen 1.28/turn               e - +6 ring of strength
MPRegen 0.14/turn               (no ring)

@: berserking, studying Bows, very quick
A: fangs 3, regeneration 1, magic shield, antimagic bite, no potion heal 2,
screaming 1
a: Renounce Religion, Berserk, Trog's Hand, Brothers in Arms


You were on level 1 of the Orcish Mines.
You worshipped Trog.
Trog was extremely pleased with you.
You visited 2 branches of the dungeon, and saw 13 of its levels.
You also visited: Ossuary.

You collected 1522 gold pieces.

Inventory:

Hand Weapons
 a - the +1 trident "Killer Bee's Foe" {flame, Drain rCorr Stlth+}
   (You took it off a spriggan on level 10 of the Dungeon)

   It burns those it strikes, dealing additional fire damage.
   rCorr:     It protects you from acid and corrosion.
   Drain:     It drains your maximum health when unequipped.
   Stlth:     It makes you more stealthy.
 j - a +0 hunting sling
 v - a +0 arbalest
 B - a +5 battleaxe of freezing (weapon)
 C - a +4 halberd
 D - a +3 long sword
 H - a +6 broad axe of venom
Missiles
 c - 269 arrows
 d - 87 sling bullets
 h - 131 bolts
 m - 2 throwing nets
 t - 23 boomerangs (quivered)
 u - 40 poisoned darts
Armour
 l - a +0 pair of boots (worn)
 r - a +5 scale mail of positive energy (worn)
 N - a +2 hat of stealth (worn)
 O - a +0 cloak (worn)
Jewellery
 e - a +6 ring of strength (left hand)
 n - a ring of fire
 z - an amulet of reflection (around neck)
 L - an amulet of the acrobat
Wands
 f - a wand of iceblast (5)
 o - a wand of acid (14)
 q - a wand of mindburst (32)
 s - a wand of flame (57)
 x - a wand of paralysis (9)
 y - a wand of polymorph (22)
 K - a wand of charming (13)
Scrolls
 b - 2 scrolls of magic mapping
 g - a scroll of blinking
 k - 3 scrolls of fog
 A - 6 scrolls of teleportation
 E - a scroll of enchant armour
Potions
 i - a potion of invisibility {unknown}
 p - 3 potions of curing
 w - a potion of might {unknown}
 G - a potion of haste {unknown}
 I - a potion of attraction {unknown}
 J - 2 potions of berserk rage {unknown}
 M - a potion of ambrosia {unknown}


   Skills:
 + Level 9.8 Fighting
 + Level 14.8 Axes
 + Level 8.1 Armour
 + Level 5.5 Dodging
 + Level 4.1 Stealth
 + Level 1.3 Shields


You had 12 spell levels left.
You didn't know any spells.
Your spell library was empty.

Dungeon Overview and Level Annotations

Branches:
Dungeon (11/15)            Temple (0/1) D:5            Lair (0/6) D:9
    Orc (2/2) D:10            Elf (0/3) Orc:2       Ossuary (visited)

Altars:
Ashenzari
Elyvilon
Kikubaaqudgha
Nemelex Xobeh
Okawaru
Wu Jian
Xom
Yredelemnul
Zin

Shops:
D:5 (*   Orc:2 !(:

Portals:
Abyss: Orc:1

Annotations:
Orc:1 burt's ghost, journeyman DrCj


Innate Abilities, Weirdness & Mutations

You have razor-sharp teeth.
Your natural rate of healing is unusually fast.
When hurt, damage is shared between your health and your magic reserves.
Your bite disrupts and absorbs the magic of your enemies.
Potions cannot restore your health.
You occasionally shout uncontrollably at your foes.


Message History

The swamp dragon changes into a mana viper!
Burt's ghost hits you but does no damage.
An orc knight comes into view.
It is wielding a +0 battleaxe of distortion.
You yell at the orc knight!
The wizard casts a spell.
The wizard blinks!
You barely miss burt's ghost. Your bite misses burt's ghost.
Burt's ghost is moderately damaged.
Burt's ghost closely misses you.
You slash burt's ghost! You freeze burt's ghost. Your bite misses burt's ghost.
Burt's ghost is moderately damaged.
You barely miss the orc knight.
You hit the large abomination but do no damage.
Burt's ghost hits you but does no damage.
The orc knight hits you with a +0 battleaxe of distortion!
Space bends around you. The large abomination hits you!
* * * LOW HITPOINT WARNING * * *
A red film seems to cover your vision as you go berserk!
You feel yourself moving faster!
You feel mighty!
Burt's ghost gestures at you while chanting.
The lance of force reflects off an invisible shield around you!
The lance of force hits burt's ghost!!
Burt's ghost is knocked back by the lance of force.
The orc knight closely misses you.
You block the large abomination's attack.
You slash the orc knight! You freeze the orc knight.
You bite the orc knight, but do no damage.
The orc knight is moderately wounded.
You slash the large abomination! You freeze the large abomination!
You slice the orc knight!! You freeze the orc knight!
Your bite misses the orc knight.
The orc knight is severely wounded.
You barely miss the large abomination. You slash the brown ugly thing!
You freeze the brown ugly thing.
The orc knight hits you with a +0 battleaxe of distortion!!
* * * LOW HITPOINT WARNING * * *
Space bends around you.
* * * LOW HITPOINT WARNING * * *
The large abomination hits you!
You die...

##.#....####....###..#
#....####.###..#♣.##.##
##..#.#).....#.##...#..##
#...#.##.##..###.#.##...##
#......#####..!.?. #.....#####
...........###.$.♣##.........##
#.##........##.#.#............#
.......###..##pX©#...........###
..#...##.##.©#}#@##............##
.....## .#.##.#ou##......#.)...#
..#..## .# .^.#.W#........))).#
......## #.##..##.....#.#)).#
.......# ##.#...=#....#####)..
.......#.# ..y###.#.#.## #...
.......##.####.##.###.### ##..
........###..###......# #..
..............©..###### ###.


You could see an orc knight, a brown ugly thing, a large abomination, a wizard
and burt's ghost.

Vanquished Creatures
  Gastronok (D:8)
  An orc warlord (Orc:2)
  The ghost of CraigForest the Basher, a journeyman FoMo of Ru (D:10)
  A boulder beetle (D:11)
  2 centaur warriors
  A death knight (D:11)
  3 two-headed ogres
  2 orc high priests (Orc:2)
  Pikel (D:7)
  A deep elf pyromancer (D:9)
  An orc sorcerer (Orc:2)
  3 orc knights
  Joseph (D:8)
  3 centaur zombies
  An elephant (D:9)
  Maurice (D:9)
  A gargoyle (D:10)
  3 kobold demonologists (D:11)
  An ice devil (Orc:1)
  2 hellwings (D:9)
  A redback zombie (D:9)
  A yaktaur (D:10)
  4 trolls
  A polar bear (D:10)
  3 hornets (D:9)
  Grinder (D:5)
  3 meliai zombies (D:9)
  A vampire (D:11)
  A wyvern (D:9)
  3 spriggans (D:10)
  2 basilisks (D:9)
  5 yaks
  A wraith (Ossuary)
  A neqoxec (Orc:1)
  A steam dragon (D:8)
  A warg (Orc:2)
  3 acid dragons
  4 water moccasins
  A hornet zombie (D:8)
  17 orc warriors
  2 sky beasts
  An ice beast (D:6)
  A black bear (D:8)
  4 necrophages
  9 ogres
  4 centaurs
  2 phantoms
  3 lemures (D:7)
  4 kobold brigands
  Blork the orc (D:5)
  4 bullfrogs
  2 water moccasin zombies (D:5)
  A wyvern zombie (D:6)
  6 scorpions
  6 killer bees (D:9)
  9 wights (D:6)
  5 howler monkeys
  3 bullfrog zombies
  2 hounds
  A lava snake (D:9)
  A jelly (D:8)
  15 orc priests
  A bullfrog skeleton (D:7)
  An iguana (D:4)
  Ijyb (D:3)
  13 orc wizards
  A hound zombie (D:5)
  2 howler monkey zombies (D:9)
  4 mummies
  Robin (D:2)
  5 gnolls
  11 adders
  2 howler monkey skeletons (D:5)
  4 shadow imps
  3 white imps
  An ufetubus (D:4)
  2 adder skeletons (D:4)
  A dart slug (D:2)
  66 orcs
  10 ball pythons
  4 endoplasms
  2 giant cockroaches (D:1)
  13 hobgoblins
  14 kobolds
  5 quokkas
  7 bats
  2 frilled lizards
  11 goblins
  3 goblin zombies (Ossuary)
  2 kobold zombies (Ossuary)
  An orc zombie (Ossuary)
  7 rats
372 creatures vanquished.

Vanquished Creatures (others)
  A glowing orange brain (Orc:1)
  An orc (D:8)
  16 fungi (Orc:2)
  2 plants
  12 withered plants
32 creatures vanquished.

Grand Total: 404 creatures vanquished

Notes
Turn   | Place    | Note
-------+----------+-------------------------------------------
     0 | D:1      | Sabo the Vine Stalker Berserker began the quest for the
                  | Orb.
     0 | D:1      | Reached XP level 1. HP: 11/11 MP: 2/2
   306 | D:1      | Found a faded altar of an unknown god.
   389 | D:1      | Reached XP level 2. HP: 16/16 MP: 3/3
   572 | D:1      | Reached skill level 3 in Axes
  1217 | D:2      | Noticed Robin
  1221 | D:2      | Reached XP level 3. HP: 16/20 MP: 4/4
  1224 | D:2      | Reached ** piety under Trog
  1235 | D:2      | Killed Robin
  1940 | D:2      | Noticed a scorpion
  1947 | D:2      | Killed a scorpion
  1948 | D:2      | Gained mutation: Your natural rate of healing is unusually
                  | fast. [Vine Stalker growth]
  1948 | D:2      | Reached XP level 4. HP: 14/24 MP: 5/5
  2077 | D:2      | Reached XP level 5. HP: 28/28 MP: 3/6
  2237 | D:3      | Found a sparkling altar of Nemelex Xobeh.
  2286 | D:3      | Reached skill level 4 in Axes
  2327 | D:3      | Noticed Ijyb
  2335 | D:3      | Killed Ijyb
  2336 | D:3      | Reached XP level 6. HP: 14/33 MP: 2/7
  2456 | D:3      | Reached *** piety under Trog
  2803 | D:3      | Upgraded the game from 0.28-a0-533-g9f97627e2a to
                  | 0.28-a0-535-g6f645e4c1d
  3174 | D:4      | Reached XP level 7. HP: 34/37 MP: 8/8
  3368 | D:4      | Reached skill level 5 in Axes
  3501 | D:4      | Reached skill level 1 in Stealth
  3612 | D:4      | Found an ancient bone altar of Kikubaaqudgha.
  3860 | D:4      | Reached **** piety under Trog
  3934 | D:4      | Reached skill level 6 in Axes
  3934 | D:4      | Gained mutation: You have razor-sharp teeth. [Vine Stalker
                  | growth]
  3934 | D:4      | Reached XP level 8. HP: 18/42 MP: 4/9
  4046 | D:5      | Entered Level 5 of the Dungeon
  4203 | D:5      | Reached skill level 5 in Fighting
  4285 | D:5      | Noticed Blork the orc
  4289 | D:5      | Found Daegohem's Assorted Antiques.
  4294 | D:5      | Killed Blork the orc
  4421 | D:5      | Noticed Grinder
  4428 | D:5      | Killed Grinder
  4447 | D:5      | Found Sekhlao's Firing Range.
  4494 | D:5      | Found a staircase to the Ecumenical Temple.
  4525 | D:5      | Reached skill level 7 in Axes
  4628 | D:5      | Reached XP level 9. HP: 31/47 MP: 6/10
  5129 | D:6      | Found a shimmering altar of Xom.
  5129 | D:6      | Found a broken altar of Ashenzari.
  5130 | D:6      | Found a white marble altar of Elyvilon.
  5231 | D:6      | Reached skill level 8 in Axes
  5444 | D:6      | Reached skill level 5 in Armour
  6129 | D:6      | Reached skill level 9 in Axes
  6176 | D:6      | Reached XP level 10. HP: 53/53 MP: 11/11
  6420 | D:7      | Found an ornate altar of the Wu Jian Council.
  6447 | D:7      | Noticed Pikel
  6457 | D:7      | Killed Pikel
  6565 | D:7      | Found a sand-covered staircase.
  6573 | Ossuary  | Entered an ossuary
  6700 | Ossuary  | Reached ***** piety under Trog
  7300 | D:8      | Noticed Joseph
  7309 | D:8      | Reached skill level 10 in Axes
  7312 | D:8      | Killed Joseph
  7400 | D:8      | Identified the +1 robe of the Marlin {rPois rF- rN+++
                  | Int+4}
  7588 | D:8      | Noticed a centaur warrior
  7596 | D:8      | Killed a centaur warrior
  7596 | D:8      | Received a gift from Trog
  7897 | D:8      | Found an iron altar of Okawaru.
  7897 | D:8      | Found a glowing silver altar of Zin.
  8001 | D:8      | Noticed Gastronok
  8012 | D:8      | Killed Gastronok
  8013 | D:8      | Reached skill level 11 in Axes
  8013 | D:8      | Reached XP level 11. HP: 58/58 MP: 12/12
  9189 | D:9      | Found a staircase to the Lair.
  9298 | D:9      | Paralysed by a hornet for 1 turns
  9503 | D:9      | Found a basalt altar of Yredelemnul.
  9534 | D:9      | Noticed a deep elf pyromancer
  9549 | D:9      | Killed a deep elf pyromancer
  9863 | D:9      | Noticed a two-headed ogre
  9867 | D:9      | Killed a two-headed ogre
  9874 | D:9      | Reached skill level 12 in Axes
 10064 | D:9      | Reached skill level 5 in Dodging
 10106 | D:9      | Noticed Maurice
 10114 | D:9      | Killed Maurice
 10438 | D:9      | Identified a scroll of acquirement
 10439 | D:9      | Acquired 496 gold pieces
 10622 | D:10     | Entered Level 10 of the Dungeon
 10625 | D:10     | Found a runed translucent door.
 10632 | D:10     | Identified the +1 trident "Killer Bee's Foe" {flame, Drain
                  | rCorr Stlth+}
 10635 | D:10     | Noticed CraigForest's ghost (journeyman FoMo)
 10667 | D:10     | Killed CraigForest's ghost
 10668 | D:10     | Reached XP level 12. HP: 25/65 MP: 6/13
 10808 | D:10     | Found a staircase to the Orcish Mines.
 11064 | D:10     | Noticed a centaur warrior
 11073 | D:10     | Killed a centaur warrior
 11153 | D:10     | Reached skill level 13 in Axes
 11591 | D:11     | Found a broken altar of Ashenzari.
 11671 | D:11     | Noticed a two-headed ogre
 11673 | D:11     | Noticed a boulder beetle
 11688 | D:11     | Killed a two-headed ogre
 11702 | D:11     | Killed a boulder beetle
 11795 | D:11     | Noticed a death knight
 11807 | D:11     | Killed a death knight
 12091 | D:11     | Received a gift from Trog
 12240 | D:11     | Noticed a two-headed ogre
 12249 | D:11     | Killed a two-headed ogre
 12422 | Orc:1    | Entered Level 1 of the Orcish Mines
 12425 | Orc:1    | Reached skill level 14 in Axes
 12468 | Orc:1    | You fall into a shaft and drop 1 floor!
 12468 | Orc:2    | Entered Level 2 of the Orcish Mines
 12468 | Orc:2    | Found Datorphack's Distillery.
 12468 | Orc:2    | Found a staircase to the Elven Halls.
 12494 | Orc:2    | Noticed an orc warlord
 12495 | Orc:2    | Found Ludupnuo's Antique Weapon Emporium.
 12495 | Orc:2    | Noticed an orc high priest
 12521 | Orc:2    | Killed an orc high priest
 12525 | Orc:2    | Killed an orc warlord
 12526 | Orc:2    | Reached XP level 13. HP: 23/70 MP: 14/14
 12532 | Orc:2    | HP: 5/105 [sun demon[an orc sorcerer] (10)]
 12825 | Orc:2    | Reached skill level 1 in Shields
 12863 | Orc:2    | Found Xahesmur's Book Boutique.
 13143 | Orc:1    | Found a one-way gate to the infinite horrors of the Abyss.
 13143 | Orc:1    | Noticed burt's ghost (journeyman DrCj)
 13235 | Orc:1    | Found a transporter.
 13441 | Orc:1    | Gained mutation: You occasionally shout uncontrollably at
                  | your foes. [a neqoxec]
 13443 | Orc:1    | Received a gift from Trog
 13448 | Orc:1    | Slain by a large abomination

Illustrated notes

Levels and vault maps discovered:
D:1:      minmay_arrival_nine_rooms, layout_loops_ring,
          ebering_ecumenical_altar_box, grunt_decor_one_mirror
D:2:      layout_rooms, uniq_robin
D:3:      layout_basic, kennysheep_flooded_box,
          minmay_fractal_squares_gapless_5, uniq_ijyb
D:4:      layout_loops_cross, kiku_gazebo_garden_becter, st_stairs_2
D:5:      layout_layer_cave, minmay_temple_entry_grid, serial_shops, shop,
          nicolae_shop_firing_range, uniq_grinder, uniq_blork_the_orc
D:6:      layout_loops_corners, gammafunk_temple_overflow_forgotten
D:7:      layout_rooms, kennysheep_mini, gup_ossuary_entry_pyramid, uniq_pikel
D:8:      layout_loops_cross, gammafunk_temple_overflow_statue,
          minmay_manual_mess, uniq_joseph, uniq_gastronok
D:9:      cheibrodos_grave_circle, layout_stronghold, kennysheep_little_box,
          david_lair_generic, kennysheep_dice, uniq_maurice
D:10:     layout_long_grid, david_orc_2, ebering_ghost_funeral_grove
D:11:     layout_roguey [special_room_orc], ashenzari_altar_1
Orc:1:    layout_caves, gammafunk_ghost_abyssal_escape
Orc:2:    grunt_orc_gardens, layout_caves, grunt_orc_garden, grunt_orc_garden,
          grunt_orc_garden, grunt_orc_garden, serial_shops, shop

Skill      XL: |  1  2  3  4  5  6  7  8  9 10 11 12 13 |
---------------+----------------------------------------+-----
Axes           | 3 4 6 7 9 11 12 14 | 14.8
Fighting       | 3 4 5 6 7 8 9 |  9.8
Dodging        | 2 3 4 5 |  5.5
Armour         | 2 3 4 5 6 7 8 |  8.1
Stealth        | 1 2 3 4 |  4.1
Shields        | 1 |  1.3

Action                   |  1- 3 |  4- 6 |  7- 9 | 10-12 | 13-15 || total
-------------------------+-------+-------+-------+-------+-------++-------
Melee: Hand axe          |    83 |    97 |   203 |       |       ||   383
       Bite              |    17 |    25 |    96 |   145 |    31 ||   314
       Battleaxe         |       |       |    60 |   398 |    80 ||   538
Invok: Berserk           |     1 |     3 |     4 |     6 |     3 ||    17
  Use: Scroll            |       |     1 |     6 |    14 |       ||    21
       Potion            |       |       |       |     4 |       ||     4
 Stab: Sleeping          |       |       |       |     2 |       ||     2
Armor: Animal skin       |     3 |       |       |       |       ||     3
       Ring mail         |    46 |    11 |       |       |       ||    57
       Scale mail        |       |    41 |   131 |   196 |    28 ||   396
Dodge: Dodged            |    51 |    57 |   157 |   308 |    38 ||   611
Block: Other             |       |       |       |     7 |    17 ||    24
       Reflection        |       |       |       |       |     1 ||     1

Table legend: (Time is in decaauts)
 A = Elapsed time spent in this place.
 B = Non-inter-level travel time spent in this place.
 C = Inter-level travel time spent in this place.
 D = Time resting spent in this place.
 E = Time spent auto-exploring this place.
 F = Levels seen in this place.
 G = Mean time per level.
                   A        B        C        D        E       F      G
               +--------+--------+--------+--------+--------+-----+--------+
         Total |  13737 |  13737 |      0 |   3184 |      0 |  14 |  981.2 |
       Dungeon |  12246 |  12246 |      0 |   2981 |      0 |  11 | 1113.3 |
  Orcish Mines |   1050 |   1050 |      0 |    196 |      0 |   2 |  525.0 |
       Ossuary |    441 |    441 |      0 |      6 |      0 |   1 |  441.0 |
               +--------+--------+--------+--------+--------+-----+--------+

Top non-repeatable levels by time:
     D:8: 1867 daAuts
     D:9: 1551 daAuts
     D:6: 1322 daAuts
     D:2: 1130 daAuts
     D:1: 1094 daAuts
     D:4: 1082 daAuts
    D:10: 1004 daAuts
     D:5: 981 daAuts
    D:11: 819 daAuts
     D:3: 802 daAuts
   Orc:1: 598 daAuts
     D:7: 589 daAuts
   Orc:2: 451 daAuts
 Ossuary: 441 daAuts
